 Dungeon Crawl Stone Soup version 0.29.1-13-g9f3cf754e1 (webtiles) character file.

Game seed: 3209526540217337591

1147 javelincjr the Magician (level 8, -7/50 HPs)
             Began as a Djinni Conjurer on Feb 9, 2023.
             Was a Follower of the Shining One.
             Mangled by Duvessa
             ... wielding a +0 short sword
              (9 damage)
             ... on level 6 of the Dungeon.
             The game lasted 00:23:13 (6870 turns).

javelincjr the Magician (Djinni Conjurer)           Turns: 6870, Time: 00:23:13

Health: -7/50      AC:  6    Str:  8    XL:     8   Next: 64%
Gold:   248        EV: 12    Int: 20    God:    the Shining One [*.....] SH:  0 Dex: 12

rFire   + + .      SeeInvis .   F - +2 dagger (protect)
rCold   x . .      Faith    .   (no shield)
rNeg    . . .      Spirit   .   a - +0 robe
rPois   ∞          Reflect  .   k - +0 helmet
rElec   .          Harm     .   f - +0 cloak
rCorr   .          Rampage  .   x - +1 pair of gloves
Will    .....                   (boots unavailable)
Stlth   +.........              l - amulet of the acrobat
HPRegen 0.16/turn               q - ring of wizardry
MPRegen 0.00/turn               (no ring)

@: flying, glowing
A: sickness immunity, fire resistance 2, cold vulnerability 1, float, innate
caster, HP casting, extra vitality 1
a: Renounce Religion, Divine Shield


You were on level 6 of the Dungeon.
You worshipped the Shining One.
The Shining One was aware of your devotion.
You visited 2 branches of the dungeon, and saw 7 of its levels.

You collected 248 gold pieces.

Inventory:

Hand Weapons
 j - a +1 dagger of venom
 F - a +2 dagger of protection (weapon)
Missiles
 C - 3 poisoned darts
Armour
 a - a +0 robe (worn)
 f - a +0 cloak (worn)
 k - a +0 helmet (worn)
 x - a +1 pair of gloves (worn)
Jewellery
 l - an amulet of the acrobat (around neck)
 q - a ring of wizardry (left hand)
Wands
 B - a wand of roots (11)
Scrolls
 b - 2 scrolls of poison
 d - a scroll of identify
 e - a scroll of summoning
 i - 2 scrolls of fog
 o - a scroll of enchant weapon {unknown}
 p - 2 scrolls of silence
 t - a scroll of teleportation
 w - a scroll of immolation {unknown}
 z - 2 scrolls of fear {unknown}
 A - a scroll of torment {unknown}
Potions
 c - a potion of ambrosia {unknown}
 g - 2 potions of might {unknown}
 h - a potion of attraction {unknown}
 m - a potion of magic {unknown}
 n - a potion of degeneration {unknown}
 r - 3 potions of curing
 s - 2 potions of berserk rage {unknown}
 u - 2 potions of lignification {unknown}


   Skills:
 + Level 0.2 Fighting
 + Level 0.6 Short Blades
 + Level 3.3 Dodging
 + Level 4.2 Stealth
 + Level 7.1 Spellcasting


You had one spell level left.
You knew the following spells:

 Your Spells              Type           Power      Damage    Failure   Level
a - Magic Dart            Conj           100%       1d8       1%          1
b - Searing Ray           Conj           70%        2d7       1%          2
c - Dazzling Flash        Conj/Hex       70%        N/A       1%          3
d - Fulminant Prism       Conj/Hex       17%        3d11      1%          4
e - Iskenderun's Mystic   Conj/Tloc      35%        2d8       1%          4
f - Apportation           Tloc           70%        N/A       1%          1
g - Static Discharge      Conj/Air       35%        3-8/arc   1%          2
h - Confusing Touch       Hex            35%        N/A       1%          3
Your spell library was empty.

Dungeon Overview and Level Annotations

Branches:
Dungeon (6/15)             Temple (1/1) D:5

Altars:
Ashenzari
Cheibriados
Dithmenos
Elyvilon
Gozag
Hepliaklqana
Makhleb
Nemelex Xobeh
Okawaru
Qazlal
Ru
Wu Jian
Zin
The Shining One

Shops:
D:5 *

Annotations:
D:6 Duvessa


Innate Abilities, Weirdness & Mutations

You are immune to sickness and miasma.
You are immune to poison.
Your flesh is very heat resistant. (rF++)
You are vulnerable to cold. (rC-)
You float through the air rather than walking.
You learn spells naturally, not from books.
Your magical power is your life essence.
You have superior vitality. (+4 MHP)


Message History

Your fulminant prism detonates feebly.
Casting: Fulminant Prism (dangerous; 1% risk of failure)
Confirm with . or Enter, or press ? or * to list all spells.
You erupt in a blast of force!
The mystic blast hits Duvessa.
Duvessa is heavily wounded.
Duvessa is knocked back by the mystic blast.
Unknown command.
Casting: Iskenderun's Mystic Blast (dangerous; 1% risk of failure)
Confirm with . or Enter, or press ? or * to list all spells.
You erupt in a blast of force!
The mystic blast hits Duvessa but does no damage.
Duvessa is heavily wounded.
Casting: Iskenderun's Mystic Blast (dangerous; 1% risk of failure)
Confirm with . or Enter, or press ? or * to list all spells.
You erupt in a blast of force!
The mystic blast hits Duvessa but does no damage.
Duvessa is heavily wounded.
Duvessa closely misses you. Duvessa hits you with a +0 short sword!
* * * LOW HITPOINT WARNING * * *
Casting: Iskenderun's Mystic Blast (dangerous; 1% risk of failure)
Confirm with . or Enter, or press ? or * to list all spells.
You erupt in a blast of force!
The mystic blast hits Duvessa!
Duvessa is severely wounded.
Duvessa is knocked back by the mystic blast.
Duvessa collides with the orc priest!
The orc priest is moderately wounded.
Duvessa is severely wounded.
* * * LOW HITPOINT WARNING * * *
Duvessa rages.
You hear a shout!
Duvessa attacks as you move away! Duvessa closely misses you.
Casting: Iskenderun's Mystic Blast (dangerous; 1% risk of failure)
Confirm with . or Enter, or press ? or * to list all spells.
You erupt in a blast of force!
The mystic blast hits Duvessa.
Duvessa is severely wounded.
Duvessa is knocked back by the mystic blast.
Duvessa slams into the rock wall!
* * * LOW HITPOINT WARNING * * *
Duvessa hits you with a +0 short sword!
You die...

#....<.÷#.......##..#
### #.......##)...#
##.## ###
#.##..[.....).#
#..###.#
##.##......###)##
#......< .......o#..#
#..# ##.##....
........#..# ##.#
#..##....
.....##.#.##
#.###..###... ....#
##oe.## #..##..#.....
...) #..#@.#
##..........# ...
#.####........#.#.#..
.. #..
############.... #.#
.. .. . ..# ...


You could see Duvessa (berserk) and an orc priest.

Vanquished Creatures
  Grinder (D:5)
  A phantom (D:5)
  A necrophage (D:5)
  A bullfrog (D:6)
  A scorpion (D:5)
  Dowan (D:6)
  A jelly (D:5)
  A hound (D:5)
  3 orc priests
  6 orc wizards
  Natasha (thrice) (D:3)
  3 iguanas (D:5)
  Robin (D:2)
  3 gnolls (D:4)
  5 adders
  A worm (D:3)
  A dart slug (D:1)
  19 orcs
  4 ball pythons
  6 endoplasms
  3 giant cockroaches (D:1)
  15 goblins
  13 hobgoblins
  2 jackals (D:1)
  8 quokkas
  A bat (D:1)
  2 frilled lizards
  3 kobolds
  7 rats
117 creatures vanquished.

Vanquished Creatures (others)
  28 fulminant prisms
  A fungus (D:1)
29 creatures vanquished.

Grand Total: 146 creatures vanquished

Notes
Turn   | Place    | Note
-------+----------+-------------------------------------------
     0 | D:1      | javelincjr the Djinni Conjurer began the quest for the Orb.
     0 | D:1      | javelincjr set off with the following spells memorised:
                  | Magic Dart, Searing Ray, Dazzling Flash, Fulminant Prism,
                  | Iskenderun's Mystic Blast.
     0 | D:1      | Reached XP level 1. HP: 15/15 MP: 0/0
   253 | D:1      | Reached XP level 2. HP: 13/21 MP: 0/0
   769 | D:1      | Reached XP level 3. HP: 20/25 MP: 0/0
   769 | D:1      | Learned a level 1 spell: Apportation
  1048 | D:1      | Reached skill level 4 in Spellcasting
  1197 | D:1      | Found a faded altar of an unknown god.
  1213 | D:1      | Prayed at the altar of an unknown god.
  1213 | D:1      | Became a worshipper of Elyvilon the Healer
  1213 | D:1      | Reached * piety under Elyvilon
  1710 | D:2      | Found an iron altar of Okawaru.
  2055 | D:2      | Reached XP level 4. HP: 28/31 MP: 0/0
  2137 | D:2      | Noticed Robin
  2146 | D:2      | Killed Robin
  2607 | D:3      | Found a sacrificial altar of Ru.
  2611 | D:3      | Found a sparkling altar of Nemelex Xobeh.
  2795 | D:3      | Reached XP level 5. HP: 17/35 MP: 0/0
  2795 | D:3      | Learned a level 2 spell: Static Discharge
  2992 | D:3      | Reached ** piety under Elyvilon
  3309 | D:3      | Noticed Natasha
  3313 | D:3      | Killed Natasha
  3362 | D:3      | Noticed Natasha
  3377 | D:3      | Killed Natasha
  3378 | D:3      | Reached skill level 5 in Spellcasting
  3378 | D:3      | Reached XP level 6. HP: 24/40 MP: 0/0
  3612 | D:3      | Noticed Natasha
  3619 | D:3      | Killed Natasha
  4196 | D:4      | Reached *** piety under Elyvilon
  4300 | D:4      | Found a snail-covered altar of Cheibriados.
  4682 | D:4      | Reached XP level 7. HP: 30/45 MP: 0/0
  4682 | D:4      | Learned a level 3 spell: Confusing Touch
  4883 | D:5      | Entered Level 5 of the Dungeon
  4946 | D:5      | Found an ornate altar of the Wu Jian Council.
  4985 | D:5      | Reached skill level 6 in Spellcasting
  5147 | D:5      | Noticed Grinder
  5165 | D:5      | Killed Grinder
  5166 | D:5      | Reached XP level 8. HP: 27/50 MP: 0/0
  5322 | D:5      | Found Xeibyuso's Overcharged Wands.
  5631 | D:5      | Found a staircase to the Ecumenical Temple.
  5695 | Temple   | Entered the Ecumenical Temple
  5862 | Temple   | Fell from the grace of Elyvilon
  5862 | Temple   | Became a worshipper of the Shining One
  5862 | Temple   | Reached * piety under the Shining One
  5901 | Temple   | Gained mutation: You have hidden genetic defects. [potion
                  | of mutation]
  5901 | Temple   | Lost mutation: You have hidden genetic defects. [potion of
                  | mutation]
  5936 | D:5      | Found a white marble altar of Elyvilon.
  5967 | D:5      | Found an iron altar of Okawaru.
  6449 | D:6      | Noticed Duvessa
  6450 | D:6      | Noticed Dowan
  6453 | D:6      | Reached skill level 7 in Spellcasting
  6457 | D:6      | Killed Dowan
  6705 | D:6      | Identified the +4 spear "Seskayc" {distort, rElec rC-
                  | rN+++}
  6870 | D:6      | Mangled by Duvessa

Illustrated notes

Levels and vault maps discovered:
D:1:      amcnicky_arrival_gap_in_the_tavern_cellar, layout_loops_ring,
          shapermc_ecumenical_altar_ellora, minmay_stone_trees_large,
          st_stairs_9
D:2:      layout_basic, basic_altar, serial_curves, eino_curves_04,
          eino_curves_02, corner_web_ring, uniq_robin
D:3:      layout_basic, mainiacjoe_overflow_catwalk_spiral, serial_aquarium,
          aquarium_bridge_straight [aquarium_subvault_bridge,
          aquarium_subvault_window, aquarium_subvault_bridge,
          aquarium_subvault_wall], aquarium_bridge_island_large
          [aquarium_subvault_large_open, aquarium_subvault_wall,
          aquarium_subvault_bridge, aquarium_subvault_wall,
          aquarium_subvault_bridge], aquarium_window_fake, aquarium_window_3,
          aquarium_window_2, aquarium_window_1, aquarium_view_2e,
          aquarium_view_2d, uniq_natasha
D:4:      layout_rooms, mainiacjoe_overflow_boulevard
D:5:      layout_basic, mainiacjoe_overflow_cross_hatched, lemuel_crystal_altar,
          elyvilon_altar_3, minmay_temple_entry_large_hall,
          nicolae_shop_overcharged_wands, uniq_grinder
D:6:      layout_layer_cave, dk_yredelemnul_ordeal, trog_three_pillars_becter,
          nicolae_zen_rock_garden, kennysheep_cluttered_room, uniq_duvessa
Temple:   compressed_dpeg_circular_temple

Skill      XL: |  1  2  3  4  5  6  7  8 |
---------------+-------------------------+-----
Spellcasting   | 4 5 6 7 |  7.1
Stealth        | 2 3 4 |  4.2
Dodging        | 3 |  3.3
Fighting       | |  0.2
Short Blades   | |  0.6

Action                   |  1- 3 |  4- 6 |  7- 9 || total
-------------------------+-------+-------+-------++-------
Melee: Dagger            |    10 |    14 |    37 ||    61
       Punch             |       |       |     1 ||     1
 Cast: Magic Dart        |    78 |    58 |    31 ||   167
       Searing Ray       |       |     3 |     6 ||     9
       Fulminant Prism   |       |    13 |    15 ||    28
       Iskenderun's Myst |       |       |    12 ||    12
  Use: Scroll            |       |       |     9 ||     9
       Potion            |       |       |     2 ||     2
 Stab: Sleeping          |     1 |       |       ||     1
Armor: Robe              |     3 |     6 |     8 ||    17
Dodge: Dodged            |    10 |    12 |    24 ||    46
